 Dungeon Crawl Stone Soup version 0.19.5 (webtiles) character file.

7148 genrtul the Basher (level 10, 87/91 HPs)
             Began as a Minotaur Berserker on Mar 17, 2017.
             Was a High Priest of Trog.
             Quit the game on level 1 of the Lair of Beasts on Mar 18, 2017.
             The game lasted 00:41:40 (9449 turns).

genrtul the Basher (Minotaur Berserker)             Turns: 9449, Time: 00:41:41

Health: 87/91      AC: 13    Str: 25    XL:     10   Next: 86%
Magic:  9/9        EV: 12    Int:  4    God:    Trog [*****.]
Gold:   760        SH: 11    Dex: 10    Spells: 0 memorised, 9 levels left

rFire  + . .     SeeInvis .     L - +2 flail (crush)
rCold  . . .     Gourm    .     M - +2 scale mail {rPois}
rNeg   . . .     Faith    +     g - +0 shield
rPois  +         Spirit   .     (helmet restricted)
rElec  .         Reflect  .     Z - +0 cloak
rCorr  .         Harm     .     W - +0 pair of gloves
MR     +....                    (no boots)
Stlth  ..........               m - amulet of faith
                                Q - ring of protection from fire
                                a - ring of protection from magic

@: no status effects
A: retaliatory headbutt, horns 2
a: Berserk, Trog's Hand, Brothers in Arms, Burn Spellbooks, Renounce Religion


You were on level 1 of the Lair of Beasts.
You worshipped Trog.
Trog was extremely pleased with you.
You were not hungry.

You visited 2 branches of the dungeon, and saw 11 of its levels.

You collected 760 gold pieces.

Inventory:

Hand Weapons
 L - a +2 flail of crushing (weapon)
 O - the +5 quarterstaff of Rian {freeze, rC+}
   (You found it on level 9 of the Dungeon)

   It has been specially enchanted to freeze those struck by it, causing extra
   injury to most foes and up to half again as much damage against particularly
   susceptible opponents.
   It can also slow down cold-blooded creatures.
   It protects you from cold.
 P - a +1 hand axe of electrocution
 R - a +1 antimagic broad axe
Armour
 b - a +1 cloak of invisibility
 g - a +0 shield (worn)
 M - a +2 scale mail of poison resistance (worn)
 W - a +0 pair of gloves (worn)
 Z - a +0 cloak (worn)
Jewellery
 a - a ring of protection from magic (left hand)
 m - an amulet of faith (around neck)
 Q - a ring of protection from fire (right hand)
 V - an uncursed ring of ice
Wands
 c - a wand of lightning (0/15)
 t - a wand of slowing (28/48)
 v - a wand of polymorph (13/24)
 y - a wand of confusion (15/48)
 G - a wand of flame (12/48)
 I - a wand of flame (9/48)
 K - a wand of teleportation (6/9)
 Y - a wand of random effects (13/48)
Scrolls
 d - 2 scrolls of magic mapping {unknown}
 e - 7 scrolls of amnesia
 h - 6 scrolls of identify
 k - 6 scrolls of remove curse
 l - a scroll of fear {unknown}
 n - 2 scrolls of noise {unknown}
 r - a scroll of enchant armour {unknown}
 u - 6 scrolls of teleportation {unknown}
 A - a scroll of random uselessness {unknown}
 E - 2 scrolls of enchant weapon {unknown}
 H - a scroll of acquirement {unknown}
 J - a scroll of fog {unknown}
 S - a scroll of blinking {unknown}
Potions
 i - 4 potions of curing
 j - 2 potions of heal wounds {unknown}
 o - 2 potions of magic {unknown}
 p - 2 potions of degeneration {unknown}
 s - 3 potions of might {unknown}
 w - a potion of mutation {unknown}
 x - a potion of haste {unknown}
 z - 2 potions of flight {unknown}
 B - a potion of agility {unknown}
 C - a potion of cure mutation {unknown}
 D - a potion of berserk rage {unknown}
 F - a potion of beneficial mutation {unknown}
 T - a potion of invisibility {unknown}
Comestibles
 f - 7 meat rations
 q - a royal jelly
 N - 2 beef jerkies
 U - a slice of pizza
 X - 2 chunks of flesh


   Skills:
 + Level 9.5 Fighting
 + Level 11.3(11.7) Maces & Flails
 - Level 5.0(8.9) Staves
 + Level 8.7 Armour
 + Level 7.2 Dodging
 + Level 7.4 Shields


You had 9 spell levels left.
You didn't know any spells.

Dungeon Overview and Level Annotations

Branches:
Dungeon (10/15)            Temple (0/1) D:6            Lair (1/6) D:10
    Orc: D:9-12

Altars:
Dithmenos
Elyvilon
Fedhas
Gozag
Zin
Beogh

Shops:
D:5 =

Annotations:
D:6 exclusion: oklob sapling


Innate Abilities, Weirdness & Mutations

You reflexively headbutt those who attack you in melee.
You have a pair of horns on your head.


Message History

You thump the porcupine!
You kill the porcupine!
Trog accepts your kill.
Saving game... please wait.
You hear a distant snort.
Hark!
There is an entrance to a minotaur's labyrinth on this level.
Find the entrance quickly before the gate is sealed!
Welcome back, genrtul the Minotaur Berserker.
Trog says: Kill them all!
Press ? for a list of commands and other information.
Your pack is full.
You see here a scroll labeled VIEFAJ WAFF.
Your pack is full.
You see here a scroll labeled VIEFAJ WAFF.
Could not pick up an item here; shall I ignore it? [Y]es or [N]o only, please.
Could not pick up an item here; shall I ignore it? [Y]es or [N]o only, please.
Could not pick up an item here; shall I ignore it?
Okay, then.
Are you sure you want to abandon this character and quit the game? (Confirm with "yes".)

..# ..## ...#
##...#
####...#
##.#....#
##......###
##....?@...#
#.........##
#.........#
#.#........##
#........##
#####....#
###....##
#†...###
#.<..#


There were no monsters in sight!

Vanquished Creatures
  A fire crab (D:10)
  Joseph (D:8)
  Maurice (D:8)
  A hippogriff (D:9)
  Edmund (D:6)
  A porcupine (Lair:1)
  6 orc warriors
  A sky beast (D:10)
  2 black bears
  An eye of draining (D:8)
  8 ogres
  3 ice beasts
  A phantom (D:8)
  5 centaurs
  3 big kobolds (D:8)
  6 bullfrogs
  A gnoll sergeant (D:8)
  A scorpion (D:5)
  7 killer bees
  4 wights (D:8)
  2 howler monkeys
  5 crimson imps
  2 jellies
  A quasit (D:8)
  7 hounds
  10 orc priests
  3 bullfrog skeletons
  10 orc wizards
  3 iguanas
  6 worker ants
  A hound skeleton (D:8)
  8 gnolls
  A howler monkey zombie (D:10)
  12 adders
  A howler monkey skeleton (D:10)
  2 oozes (D:1)
  An adder zombie (D:8)
  4 adder skeletons
  3 worms
  5 dart slugs
  6 leopard geckos
  40 orcs
  2 ball pythons
  5 bats
  7 giant cockroaches
  15 hobgoblins
  4 jackals (D:3)
  2 quokkas
  6 frilled lizards
  4 goblins
  A jackal skeleton (D:4)
  17 kobolds
  A leopard gecko skeleton (D:5)
  A quokka skeleton (D:7)
  8 rats
  5 plants (D:8)
266 creatures vanquished.

Vanquished Creatures (collateral kills)
  An ogre (D:9)
  2 orc warriors (D:9)
  An orc priest (D:9)
  5 orcs (D:9)
9 creatures vanquished.

Grand Total: 275 creatures vanquished

Notes
Turn   | Place    | Note
-------+----------+-------------------------------------------
     0 | D:1      | genrtul the Minotaur Berserker began the quest for the Orb.
     0 | D:1      | Reached XP level 1. HP: 19/19 MP: 0/0
    87 | D:1      | Reached XP level 2. HP: 16/27 MP: 1/1
   514 | D:1      | Reached skill level 4 in Maces & Flails
   599 | D:1      | Reached ** piety under Trog
   599 | D:1      | Reached XP level 3. HP: 21/34 MP: 2/2
   847 | D:1      | Reached XP level 4. HP: 35/41 MP: 3/3
  1751 | D:3      | Reached skill level 5 in Maces & Flails
  1755 | D:3      | Reached XP level 5. HP: 20/47 MP: 4/4
  1964 | D:3      | Reached skill level 5 in Fighting
  2061 | D:3      | Reached *** piety under Trog
  2332 | D:3      | Found a blossoming altar of Fedhas.
  2630 | D:3      | Reached XP level 6. HP: 56/56 MP: 5/5
  2639 | D:3      | Reached skill level 1 in Shields
  2751 | D:4      | Reached skill level 6 in Maces & Flails
  3264 | D:4      | Reached XP level 7. HP: 55/61 MP: 6/6
  3811 | D:5      | Entered Level 5 of the Dungeon
  3867 | D:5      | Found Ynothilurph's Jewellery Boutique.
  3910 | D:5      | Found a white marble altar of Elyvilon.
  4015 | D:5      | Reached skill level 7 in Maces & Flails
  4273 | D:5      | Found a shadowy altar of Dithmenos.
  4695 | D:6      | Reached XP level 8. HP: 68/70 MP: 7/7
  4701 | D:6      | Reached skill level 5 in Dodging
  4711 | D:6      | Reached **** piety under Trog
  4803 | D:6      | Found a staircase to the Ecumenical Temple.
  4859 | D:6      | Found an opulent altar of Gozag.
  4927 | D:6      | Reached skill level 5 in Armour
  5084 | D:6      | Reached skill level 8 in Maces & Flails
  5280 | D:6      | Noticed Edmund
  5288 | D:6      | Killed Edmund
  5810 | D:7      | Reached skill level 9 in Maces & Flails
  5830 | D:7      | Found a shadowy altar of Dithmenos.
  5835 | D:7      | Reached XP level 9. HP: 78/78 MP: 8/8
  6229 | D:8      | Noticed Maurice
  6332 | D:8      | Killed Maurice
  6332 | D:8      | Reached skill level 5 in Shields
  6825 | D:8      | Reached skill level 10 in Maces & Flails
  6848 | D:8      | Reached ***** piety under Trog
  7330 | D:8      | Noticed Joseph
  7352 | D:8      | Reached XP level 10. HP: 74/88 MP: 0/9
  7363 | D:8      | Killed Joseph
  7718 | D:8      | Found a glowing silver altar of Zin.
  8084 | D:9      | Got a bloodstained quarterstaff
  8113 | D:9      | Identified the +5 quarterstaff of Rian {freeze, rC+} (You found it on level 9 of the Dungeon)
  8150 | D:9      | Reached skill level 11 in Maces & Flails
  8201 | D:9      | Reached skill level 1 in Staves
  8268 | D:9      | Received a gift from Trog
  8436 | D:10     | Entered Level 10 of the Dungeon
  8781 | D:9      | Found a roughly hewn altar of Beogh.
  8980 | D:10     | Noticed a fire crab
  8986 | D:10     | Killed a fire crab
  9104 | D:10     | Reached skill level 5 in Staves
  9426 | D:10     | Found a staircase to the Lair.
  9437 | Lair:1   | Entered Level 1 of the Lair of Beasts
  9449 | Lair:1   | Quit the game

Skill      XL: |  1  2  3  4  5  6  7  8  9 10 |
---------------+-------------------------------+-----
Fighting       | 4 5 6 8 9 |  9.5
Maces & Flails | 4 5 6 7 9 10 11 | 11.3
Dodging        | 3 4 5 6 7 |  7.2
Armour         | 3 4 6 7 8 |  8.7
Shields        | 2 3 4 6 7 |  7.4
Staves         | 5 |  5.0

Action                   |  1- 3 |  4- 6 |  7- 9 | 10-12 || total
-------------------------+-------+-------+-------+-------++-------
Melee: Mace              |    60 |   146 |   162 |       ||   368
       Headbutt          |     6 |    18 |    90 |    32 ||   146
       Flail             |       |       |   273 |   101 ||   374
       Quarterstaff      |       |       |       |    62 ||    62
Invok: Berserk           |       |     3 |     5 |     1 ||     9
       Trog's Hand       |       |       |     4 |     1 ||     5
       Burn Spellbooks   |       |       |     1 |       ||     1
       Brothers in Arms  |       |       |     1 |     2 ||     3
  Use: Scroll            |       |       |     7 |     4 ||    11
       Potion            |       |       |     1 |       ||     1
  Eat: Chunk             |       |    10 |    10 |     6 ||    26
       Bread ration      |       |       |     2 |     1 ||     3
       Pizza             |       |       |     1 |       ||     1
Armor: Animal skin       |     9 |     3 |       |       ||    12
       Ring mail         |       |    18 |    40 |       ||    58
       Scale mail        |       |       |    73 |    48 ||   121
       Plate armour      |       |       |     1 |       ||     1
Dodge: Dodged            |    47 |    50 |   130 |    65 ||   292
Block: Shield            |       |    39 |   169 |    32 ||   240
